 Dungeon Crawl Stone Soup version 0.30-a0-165-g1891117ce2 (webtiles) character file.

Game seed: 8766332165116766708

459 qw the Chopper (level 7, -1/43 HPs)
             Began as a Gargoyle Fighter on Sept 28, 2022.
             Was an Initiate of Okawaru.
             Slain by an ogre
             ... wielding a +0 giant club
              (17 damage)
             ... on level 4 of the Dungeon.
             The game lasted 00:01:27 (4113 turns).

qw the Chopper (Gargoyle Fighter)                   Turns: 4113, Time: 00:01:28

Health: -1/43      AC: 16    Str: 21    XL:     7   Next: 6%
Magic:  7/7        EV:  5    Int:  9    God:    Okawaru [......]
Gold:   144        SH:  4    Dex:  9    Spells: 6/6 levels left

rFire   . . .      SeeInvis .    Y - +0 war axe
rCold   . . .      Faith    .    c - +0 buckler
rNeg    + . .      Spirit   .    f - +0 plate armour
rPois   inf        Reflect  .    (no helmet)
rElec   +          Harm     .    (no cloak)
rCorr   .          Rampage  .    (no gloves)
Will    .....                    (no boots)
Stlth   ..........               b - amulet of regeneration
HPRegen 0.94/turn                (no ring)
MPRegen 0.10/turn                (no ring)

@: no status effects
A: sickness immunity, AC +4, negative energy resistance 1, electricity
resistance, torment resistance 1, petrification resistance
a: Renounce Religion


You were on level 4 of the Dungeon.
You worshipped Okawaru.
Okawaru was noncommittal.
You visited 1 branch of the dungeon, and saw 4 of its levels.

You collected 189 gold pieces.
You spent 45 gold pieces at shops.


Innate Abilities, Weirdness & Mutations

You are immune to sickness and miasma.
Your stone body is resilient. (AC +4)
You are immune to poison.
You resist negative energy. (rN+)
You are resistant to electric shocks. (rElec)
You are resistant to unholy torment.
You are immune to petrification.


   Skills:
 - Level 4.2 Fighting
 + Level 6.3 Axes
 - Level 3.2 Armour
 - Level 3.2 Shields


You had 6 spell levels left.
You didn't know any spells.
Your spell library was empty.

Inventory:

Hand Weapons
 e - a +0 flail
 Y - a +0 war axe (weapon)
Armour
 c - a +0 buckler (worn)
 f - a +0 plate armour (worn)
Jewellery
 b - an amulet of regeneration (around neck)
Scrolls
 a - a scroll of identify
Potions
 d - 2 potions of might
 g - a potion of magic {unknown}
 h - 3 potions of cancellation
 i - 3 potions of curing
 j - a potion of mutation {unknown}
 k - a potion of heal wounds
 l - a potion of attraction
 m - a potion of resistance {unknown}
 n - a potion of flight {unknown}

Dungeon Overview and Level Annotations

Branches:
Dungeon (4/15)
 Temple: D:4-7

Altars:
Cheibriados
Okawaru
Vehumet

Shops:
D:1 (   D:2 (

Annotations:
D:3 1 runed translucent door, Crazy Yiuf


Message History

The orc hits you but does no damage.
You hit the orc but do no damage.
The orc is almost dead.
The orc hits you but does no damage.
You barely miss the orc.
The orc is almost dead.
The orc hits you but does no damage.
You hit the orc.
You kill the orc!
Okawaru accepts your kill.
An orc comes into view. It is wielding a +0 trident.
The orc shouts!
An orc comes into view. It is wielding a +0 flail.
Things that are here:
a +0 hand axe; a +0 scale mail; a hound corpse The orc shouts!
An ogre comes into view. It is wielding a +0 giant club.
The orc barely misses you.
You closely miss the orc. You slash the orc!
You kill the orc!
Okawaru accepts your kill. The orc hits you but does no damage.
You block the orc's attack.
You hit the orc but do no damage. The orc barely misses you.
You hit the orc.
The orc is heavily wounded.
The orc hits you but does no damage.
You slash the orc!
You kill the orc!
Okawaru accepts your kill.
You slash the ogre! The ogre hits you with a +0 giant club!
You closely miss the ogre.
The ogre is moderately wounded.
The ogre hits you with a +0 giant club!!
Ouch! That really hurt!
You barely miss the ogre.
The ogre is moderately wounded.
The ogre hits you with a +0 giant club!
You die...

#.....
#...#########..... #...+
......+..... #...#
#....##..... . #...#
#....###.... ... #...#
#....# #....
....###...###....# #.)<%
#.....O....##....###..##
+.....)@..)''...........
#.....)....##..........#
#..........######......#
#..........+....'....[.#
#..........######......+
############ #......#
##'##### #.##... #.##...


You could see an ogre.

Vanquished Creatures
  A necrophage (D:2)
  A vampire bat (D:3)
  A jelly (D:3)
  A hound (D:4)
  Natasha (thrice) (D:3)
  Terence (D:3)
  2 adders (D:2)
  3 worms (D:2)
  A dart slug (D:1)
  3 fire bats (D:3)
  4 orcs
  2 spectral bats (D:3)
  14 bats
  3 bat skeletons (D:3)
  A bat zombie (D:3)
  5 endoplasms
  6 giant cockroaches
  5 hobgoblins
  6 jackals (D:3)
  7 kobolds
  2 quokkas (D:1)
  9 ball pythons
  A bat simulacrum (D:3)
  5 frilled lizards
  8 goblins
  4 rats
99 creatures vanquished.

Notes
Turn   | Place    | Note
-------+----------+-------------------------------------------
     0 | D:1      | qw the Gargoyle Fighter began the quest for the Orb.
     0 | D:1      | Reached XP level 1. HP: 14/14 MP: 1/1
     0 | D:1      | 0 ||| qw: Version: 0.2-a-12-gaebbb33
     0 | D:1      | 0 ||| qw: Game counter: 795
     0 | D:1      | 0 ||| qw: Always use a shield: true
     0 | D:1      | 0 ||| qw: God list: Okawaru
     0 | D:1      | 0 ||| qw: Allow faded altars: false
     0 | D:1      | 0 ||| qw: Do Orc after D:15 true
     0 | D:1      | 0 ||| qw: Do second Lair branch before Depths: true
     0 | D:1      | 0 ||| qw: Lair rune preference: random
     0 | D:1      | 0 ||| qw: Plans: Normal, Zot:1-4, God:TSO, Crypt, Tomb,
                  | Pan, Slime:5, Hells, Abyss, Orb
     0 | D:1      | 0 ||| PLANNING D:1-11
    28 | D:1      | 28 ||| Stepping ~*~*~tactically~*~*~ (stealth).
    34 | D:1      | Reached skill level 2 in Axes
   293 | D:1      | Reached XP level 2. HP: 19/19 MP: 2/2
   475 | D:1      | Found Dexopn's Weapon Shoppe.
   515 | D:1      | 515 ||| DROPPING +0 club.
   748 | D:1      | Reached skill level 3 in Axes
   800 | D:1      | Reached XP level 3. HP: 23/23 MP: 3/3
  1391 | D:1      | 1391 ||| DROPPING ring of wizardry.
  1392 | D:1      | 1392 ||| READING scroll labelled QAERPH ICLOAPI.
  1393 | D:1      | 1393 ||| READING scroll labelled HIFESE TADDEKK.
  1394 | D:1      | 1394 ||| READING scroll labelled NAUMIB XATHUM.
  1395 | D:1      | 1395 ||| DRINKING 4 metallic dark potions.
  1396 | D:1      | 1396 ||| DRINKING 2 yellow potions.
  1430 | D:2      | 1430 ||| Stepping ~*~*~tactically~*~*~ (stealth).
  1530 | D:2      | Found Taemud's Weapon Shop.
  1592 | D:2      | 1592 ||| BUYING +0 flail (45 gold).
  1592 | D:2      | Bought a +0 flail for 45 gold pieces
  1592 | D:2      | 1592 ||| DROPPING +0 mace.
  1630 | D:2      | 1630 ||| Stepping ~*~*~tactically~*~*~ (stealth).
  1938 | D:2      | Reached XP level 4. HP: 28/28 MP: 4/4
  2184 | D:2      | 2184 ||| UPGRADING to +0 chain mail.
  2194 | D:2      | 2194 ||| DROPPING +0 scale mail.
  2195 | D:2      | 2195 ||| UPGRADING to +0 plate armour.
  2205 | D:2      | 2205 ||| DROPPING +0 chain mail.
  2206 | D:2      | 2206 ||| DRINKING 2 sapphire potions.
  2207 | D:2      | 2207 ||| DROPPING potion of brilliance.
  2237 | D:3      | Noticed Terence
  2237 | D:3      | Noticed a necrophage
  2237 | D:3      | Found a faded altar of an unknown god.
  2238 | D:3      | 2238 ||| STAIRDANCE
  2401 | D:3      | 2401 ||| STAIRDANCE
  2409 | D:2      | Killed a necrophage
  2410 | D:2      | Reached skill level 4 in Axes
  2410 | D:2      | Reached XP level 5. HP: 31/32 MP: 5/5
  2421 | D:3      | 2421 ||| STAIRDANCE
  2463 | D:3      | HP: 8/32 [Terence/+0 mace (6)]
  2464 | D:3      | Killed Terence
  2465 | D:3      | Reached skill level 5 in Axes
  2465 | D:3      | 2465 ||| STAIRDANCE
  2703 | D:3      | 2703 ||| Stepping randomly (stuck).
  2704 | D:3      | 2704 ||| Stepping randomly (stuck).
  2705 | D:3      | 2705 ||| Stepping randomly (stuck).
  2706 | D:3      | 2706 ||| Stepping randomly (stuck).
  2707 | D:3      | 2707 ||| Stepping randomly (stuck).
  2865 | D:3      | Found a runed translucent door.
  2866 | D:3      | Noticed Crazy Yiuf
  3104 | D:3      | Reached XP level 6. HP: 38/38 MP: 6/6
  3390 | D:3      | Found a radiant altar of Vehumet.
  3390 | D:3      | Found an iron altar of Okawaru.
  3391 | D:3      | 3391 ||| PLANNING OKAWARU WORSHIP
  3391 | D:3      | 3391 ||| UPGRADING to amulet of regeneration.
  3392 | D:3      | Found a snail-covered altar of Cheibriados.
  3396 | D:3      | 3396 ||| DRINKING 2 fuming white potions.
  3397 | D:3      | 3397 ||| READING 2 scrolls of identify.
  3397 | D:3      | 3397 ||| IDENTIFYING sedimented golden potion
  3405 | D:3      | Became a worshipper of Warmaster Okawaru
  3406 | D:3      | 3406 ||| PLANNING D:1-11
  3460 | D:3      | Noticed Natasha
  3473 | D:3      | Killed Natasha
  3498 | D:3      | Noticed Natasha
  3516 | D:3      | Killed Natasha
  3581 | D:3      | 3581 ||| Stepping ~*~*~tactically~*~*~ (stealth).
  3586 | D:3      | Noticed Natasha
  3588 | D:3      | 3588 ||| READING 3 scrolls labelled RYWIOF GAOG ECI.
  3589 | D:3      | 3589 ||| Stepping ~*~*~tactically~*~*~ (hiding).
  3594 | D:3      | Killed Natasha
  3595 | D:3      | Reached skill level 6 in Axes
  3677 | D:3      | 3677 ||| Stepping ~*~*~tactically~*~*~ (stealth).
  3717 | D:3      | 3717 ||| DROPPING 2 scrolls of noise.
  3739 | D:4      | 3739 ||| STAIRDANCE
  4094 | D:4      | Reached XP level 7. HP: 43/43 MP: 7/7
  4113 | D:4      | Slain by an ogre

Levels and vault maps discovered:
D:1:      amcnicky_arrival_blooded_trapdoor, layout_basic, serial_shops,
          nicolae_shop_bloodbath_and_beyond
D:2:      layout_loops_ring, serial_shops, nicolae_shop_advertising_works
          [nicolae_subvault_shop_adworks], kennysheep_another_room
D:3:      layout_basic, gammafunk_temple_overflow_claw,
          nicolae_ecumenical_pavilion, goddamned_bats, uniq_crazy_yiuf_cottage,
          uniq_terence, uniq_natasha
D:4:      layout_basic, temple_statues

Skill      XL: |  1  2  3  4  5  6 |
---------------+-------------------+-----
Axes           | 2 3 4 5 6 |  6.3
Fighting       | 4 |  4.2
Armour         | |  3.2
Shields        | |  3.2

Action                   |  1- 3 |  4- 6 |  7- 9 || total
-------------------------+-------+-------+-------++-------
Melee: War axe           |   131 |   164 |    12 ||   307
  Use: Scroll            |     3 |     2 |       ||     5
       Potion            |     2 |     2 |       ||     4
Armor: Scale mail        |    76 |     5 |       ||    81
       Plate armour      |       |   162 |     7 ||   169
Dodge: Dodged            |    56 |    53 |     2 ||   111
Block: Buckler           |    26 |    44 |     2 ||    72

Table legend:
 A = Non-vault XP
 B = Vault XP
 C = Vault XP percentage of total XP
 D = Non-vault monster count
 E = Vault monster count
 F = Vault count percentage of total count
                 A         B        C        D         E       F
            +---------+---------+-------+---------+---------+-------
      Total |     408 |     249 |  37.9 |      77 |      22 |  22.2
            +---------+---------+-------+---------+---------+-------
        D:1 |      49 |       0 |   0.0 |      28 |       0 |   0.0
        D:2 |     157 |       0 |   0.0 |      21 |       0 |   0.0
        D:3 |     147 |     249 |  62.9 |      20 |      22 |  52.4
        D:4 |      55 |       0 |   0.0 |       8 |       0 |   0.0
            +---------+---------+-------+---------+---------+-------
